 Dungeon Sprint DCSS version 0.31-a0-818-ge7c7cf74f0 (webtiles) character file.

Game seed: 8369934706015661179

65 Conn the Firebug (level 4, -2/27 HPs)
             Began as an Octopode Fire Elementalist on Sept 23, 2023.
             Was a Believer of Sif Muna.
             Frozen to death by an endoplasm (5 damage)
             ... in the Dungeon (Sprint VII: "The Pits").
             The game lasted 00:01:30 (113 turns).

Conn the Firebug (Octopode Fire Elementalist)        Turns: 113, Time: 00:01:32

Health: -2/27      AC:  1    Str:  7    XL:     4   Next: 13%
Magic:  6/9        EV: 13    Int: 19    God:    Sif Muna [**....]
Gold:   0          SH:  0    Dex: 12    Spells: 9/10 levels left

rFire   . . .        g - +2 dagger (flame)
rCold   . . .        (no shield)
rNeg    . . .        (helmet restricted)
rPois   .            (no amulet)
rElec   .            (no ring)
rCorr   .            (no ring)
SInv    .            (no ring)
Will    .....        (no ring)
Stlth   ++++         (no ring)
HPRegen 0.24/turn    (no ring)
MPRegen 0.11/turn    (no ring)
                     (no ring)

%: no teleportation
@: lethally poisoned (-2 -> -9), on berserk cooldown, slowed, invisible, very
slow
A: almost no armour, amphibious, 8 rings, camouflage 1, gelatinous body 1,
(nimble swimmer 1), tentacles
a: Renounce Religion, Channel Magic


You were in the Dungeon.
You worshipped Sif Muna.
Sif Muna was pleased with you.
You visited 1 branch

Inventory:

Hand Weapons
 g - a +2 dagger of flaming (weapon)
Scrolls
 f - a scroll of blinking
 i - 2 scrolls of vulnerability
 j - 5 scrolls of amnesia
 k - a scroll of butterflies
Potions
 a - 5 potions of magic
 d - a potion of haste
 e - 2 potions of berserk rage
 h - a potion of invisibility


   Skills:
 + Level 3.2 Dodging
 + Level 4.4 Stealth
 + Level 3.6 Spellcasting
 * Level 1.5 Conjurations
 + Level 6.3 Fire Magic
 * Level 0.3 Invocations


You had 9 spell levels left.
You knew the following spells:

 Your Spells              Type           Power      Damage    Failure   Level
a - Foxfire               Conj/Fire      72%        2x1d7     2%          1

Your spell library contained the following spells:

 Spells                   Type           Power      Damage    Failure   Level
 Scorch                   Fire           54%        2d7       1%          2
 Inner Flame              Hex/Fire       15%        N/A       12%         3
 Volatile Blastmotes      Fire/Tloc      30%        2d12      12%         3
 Flame Wave               Conj/Fire      18%        2d7       28%         4


Dungeon Overview and Level Annotations

Branches:
Dungeon (1/1)

Altars:
Ashenzari
Cheibriados
Dithmenos
Elyvilon
Fedhas
Gozag
Hepliaklqana
Kikubaaqudgha
Makhleb
Nemelex Xobeh
Okawaru
Qazlal
Ru
Sif Muna
Trog
Uskayaw
Vehumet
Wu Jian
Xom
Yredelemnul
Zin
The Shining One
Jiyva
Lugonu


Innate Abilities, Weirdness & Mutations

You cannot wear most types of armour.
You are amphibious.
You can wear up to eight rings at the same time.
Your skin changes colour to match your surroundings (Stealth+).
Your rubbery body absorbs attacks. (AC +1, EV +1)
((You are camouflaged when in or above water. (Stealth+)))
You have tentacles for arms and can constrict up to eight enemies at once.


Message History

Unknown command.
Unknown command.
You barely miss the scorpion. You grab the scorpion.
You constrict the scorpion, but do no damage.
The scorpion stings you.
You hit the scorpion. You burn the scorpion.
The scorpion is moderately wounded.
You constrict the scorpion, but do no damage.
The scorpion misses you. The scorpion stings you.
You are lethally poisoned!
The scorpion poisons you!
The endoplasm jiggles.
You hit the scorpion. You burn the scorpion.
The scorpion is severely wounded.
You constrict the scorpion.
* * * LOW HITPOINT WARNING * * *
You feel very sick. The scorpion misses you. The scorpion stings you.
* * * LOW HITPOINT WARNING * * *
You feel much better.
You constrict the scorpion, but do no damage.
You feel very sick. The scorpion closely misses you. The scorpion stings you.
You are lethally poisoned!
The scorpion poisons you!
Unknown command.
You hit the scorpion but do no damage. You squeeze the scorpion.
The scorpion is almost dead.
You constrict the scorpion, but do no damage.
* * * LOW HITPOINT WARNING * * *
You feel very sick. The scorpion closely misses you.
Unknown command.
You hit the scorpion. You burn the scorpion.
You kill the scorpion!
Sif Muna accepts your kill.
* * * LOW HITPOINT WARNING * * *
You feel very sick. The endoplasm freezes you.
You die...

#_________.#
#_______...###########++
##########'##...........
#..(.')))'.##......#..#.
##########.##...........
#.........).'...........
+#####'#####......#..#.
#.†#..##...........
+.@J..#####'#####++
####'###.......#
#.....)†.##.......#
#........##.......#
#####+#####...<...#
#.......# #.......#
#.......# #########


You could see an endoplasm.

Vanquished Creatures
  2 scorpions (D)
  An ufetubus (D)
  A hobgoblin (D)
  A ball python (D)
  2 kobolds (D)
7 creatures vanquished.

Vanquished Creatures (others)
  4 foxfires (D)
4 creatures vanquished.

Grand Total: 11 creatures vanquished

Notes
Turn   | Place    | Note
-------+----------+-------------------------------------------
     0 | D        | Conn the Octopode Fire Elementalist began the quest for the
                  | Orb.
     0 | D        | Reached XP level 1. HP: 11/11 MP: 3/3
    66 | D        | Found a glowing golden altar of the Shining One.
    66 | D        | Found a glowing silver altar of Zin.
    66 | D        | Found a basalt altar of Yredelemnul.
    66 | D        | Found a shimmering altar of Xom.
    66 | D        | Found an ornate altar of the Wu Jian Council.
    66 | D        | Found a bloodstained altar of Trog.
    66 | D        | Found a shimmering blue altar of Sif Muna.
    66 | D        | Found a sacrificial altar of Ru.
    66 | D        | Found a stormy altar of Qazlal.
    66 | D        | Found an iron altar of Okawaru.
    66 | D        | Found a sparkling altar of Nemelex Xobeh.
    66 | D        | Found a burning altar of Makhleb.
    66 | D        | Found a viscous altar of Jiyva.
    66 | D        | Found a hazy altar of Hepliaklqana.
    66 | D        | Found an opulent altar of Gozag.
    66 | D        | Found a blossoming altar of Fedhas.
    66 | D        | Found a white marble altar of Elyvilon.
    66 | D        | Found a shadowy altar of Dithmenos.
    66 | D        | Found a snail-covered altar of Cheibriados.
    67 | D        | Found a radiant altar of Vehumet.
    67 | D        | Found a corrupted altar of Lugonu.
    68 | D        | Found an ancient bone altar of Kikubaaqudgha.
    68 | D        | Found a hide-covered altar of Uskayaw.
    68 | D        | Found a broken altar of Ashenzari.
    69 | D        | Became a worshipper of Sif Muna the Loreminder
    92 | D        | Noticed a scorpion
    94 | D        | Killed a scorpion
    95 | D        | Reached skill level 6 in Fire Magic
    95 | D        | Reached XP level 2. HP: 17/17 MP: 3/6
    95 | D        | Reached XP level 3. HP: 21/21 MP: 4/8
    95 | D        | Reached XP level 4. HP: 27/27 MP: 4/9
    96 | D        | Reached * piety under Sif Muna
    99 | D        | Noticed a scorpion
   113 | D        | Killed a scorpion
   113 | D        | Reached ** piety under Sif Muna
   113 | D        | Frozen to death by an endoplasm

Illustrated notes

Levels and vault maps discovered:
D:        pitsprint [storerooms_1, entrance_room_1, metal_vault_2, armoury_1,
          mini_pit_1, grid_room_1, main_hall_1, silver_pit, the_coven_1,
          the_vestibule_1, steel_vault_2, golden_pit, hallway_of_sentries,
          crystal_vault_4, iron_vault_1, final_vault]

Skill      XL: |  1 |
---------------+----+-----
Stealth        | 4 |  4.4
Dodging        | 3 |  3.2
Spellcasting   | 3 |  3.6
Fire Magic     | 6 |  6.3
Conjurations   | |  1.5
Invocations    | |  0.3

Action                     |  1- 3 |  4- 6 || total
---------------------------+-------+-------++-------
  Melee: Dagger            |     3 |    11 ||    14
         Constrict         |     2 |     2 ||     4
         Tentacles         |     2 |     1 ||     3
   Cast: Foxfire           |     2 |       ||     2
    Use: Potion            |     1 |     3 ||     4
 Armour: Skin              |     2 |     7 ||     9
  Dodge: Dodged            |     1 |    10 ||    11

Table legend: (Time is in decaauts)
 A = Elapsed time spent in this place.
 B = Non-inter-level travel time spent in this place.
 C = Inter-level travel time spent in this place.
 D = Time resting spent in this place.
 E = Time spent auto-exploring this place.
 F = Levels seen in this place.
 G = Mean time per level.
                   A        B        C        D        E       F      G
               +--------+--------+--------+--------+--------+-----+--------+
         Total |    113 |    113 |      0 |     24 |      0 |   1 |  113.0 |
       Dungeon |    113 |    113 |      0 |     24 |      0 |   1 |  113.0 |
               +--------+--------+--------+--------+--------+-----+--------+

Top non-repeatable levels by time:
       D: 113 daAuts
